 Dungeon Crawl Stone Soup version 0.27-a0-590-g94244163b4 (webtiles) character file.

Game seed: 11263850853572402760

58297 CypherZel the Severer (level 14, 0/129 HPs)
             Began as a Hill Orc Monk on Dec 11, 2020.
             Was a High Priest of Beogh.
             Slain by a starcursed mass (7 damage)
             ... on level 1 of the Abyss on Mar 10, 2021.
             The game lasted 02:44:32 (33794 turns).

CypherZel the Severer (Hill Orc Monk)              Turns: 33794, Time: 02:44:33

Health: 0/129      AC: 20    Str: 21    XL:     14   Next: 90%
Magic:  14/23      EV: 14    Int: 16    God:    Beogh [*****.]
Gold:   2855       SH:  0    Dex: 15    Spells: 13/13 levels left

rFire    . . .     SeeInvis .   a - +3 war axe of Annihilation {vorpal, rC+ Int+6}
rCold    + . .     Faith    +   (no shield)
rNeg     . . .     Spirit   .   F - +0 swamp dragon scales
rPois    +         Reflect  .   T - +0 helmet of Midwinter {rElec rPois Will+++ Str-2}
rElec    +         Harm     .   (no cloak)
rCorr    .         Rampage  .   S - +0 pair of gloves
Will     ++++.     Rnd*Tele +   g - +0 pair of boots
Stlth    +.........             s - amulet of faith
HPRegen  0.31/turn              N - +4 ring of protection
MPRegen  0.18/turn              I - +6 ring of strength

@: about to teleport, studying Axes
A: walk on water, icy blue scales 1, [teleportitis 2], MP-powered wands
a: Renounce Religion, Smiting, Recall Orcish Followers, Give Item to Named
Follower


You were on level 1 of the Abyss.
You worshipped Beogh.
Beogh was extremely pleased with you.
You visited 3 branches of the dungeon, and saw 17 of its levels.
You visited the Abyss 1 time.

You collected 2879 gold pieces.
You spent 24 gold pieces at shops.

Inventory:

Hand Weapons
 a - the +3 war axe of Annihilation (weapon) {vorpal, rC+ Int+6}
   (You took it off Maggie on level 2 of the Lair of Beasts)

   It inflicts extra damage upon your enemies.
   It affects your intelligence (+6).
   It protects you from cold.
 b - the +9 arbalest of Crawling {vorpal, Str+5}
   (You found it on level 4 of the Lair of Beasts)

   Any bolt fired from it inflicts extra damage.
   It affects your strength (+5).
Missiles
 d - 578 stones
 h - 51 poisoned darts
 u - 14 curare-tipped darts
 P - 474 bolts
Armour
 g - a +0 pair of boots (worn)
 q - the +4 robe of Cocytus {Slay+2}
   (You found it on level 4 of the Dungeon)

   It affects your accuracy and damage with ranged weapons and melee attacks
   (+2).
 r - the +1 robe of Ennui {rPois Dex+6 Stlth+}
   (You found it on level 4 of the Dungeon)

   It affects your dexterity (+6).
   It protects you from poison.
   It makes you more stealthy.
 t - a +0 chain mail
 B - a +2 buckler
 D - a +0 helmet
 F - +0 swamp dragon scales (worn)
 O - a +0 robe
 S - a +0 pair of gloves (worn)
 T - the +0 helmet of Midwinter (worn) {rElec rPois Will+++ Str-2}
   (You found it on level 1 of the Abyss)

   It affects your strength (-2).
   It insulates you from electricity.
   It protects you from poison.
   It affects your willpower, your defense against some magical effects.
Jewellery
 i - a ring of flight
 j - a ring of magical power
 n - a ring of teleportation
 p - an amulet of magic regeneration
 s - an amulet of faith (around neck)
 C - a +6 ring of strength
 I - a +6 ring of strength (left hand)
 J - an amulet of the acrobat
 M - a +6 ring of dexterity
 N - a +4 ring of protection (right hand)
Wands
 o - a wand of iceblast (11) (quivered)
 v - a wand of paralysis (14)
 x - a wand of digging (18)
 E - a wand of charming (4)
Scrolls
 k - a scroll of removedness
 m - a scroll of identify
 y - 4 scrolls of amnesia
 R - a scroll of magic mapping
 U - a scroll of enchant armour {unknown}
Potions
 e - 2 potions of brilliance
 f - 3 potions of berserk rage {unknown}
 l - 3 potions of flight
 w - 2 potions of cancellation
 z - 3 potions of mutation
 A - a potion of experience {unknown}
 G - a potion of magic {unknown}
 H - 3 potions of lignification
 L - 2 potions of attraction {unknown}
 Q - a potion of curing


   Skills:
 + Level 13.1 Fighting
 - Level 17.0(17.2) Axes
 - Level 4.5(10.7) Maces & Flails
 + Level 11.4 Crossbows
 - Level 10.0 Armour
 - Level 7.0 Dodging
 - Level 2.0 Stealth
 - Level 8.2 Shields
 - Level 12.0 Invocations
 - Level 2.0 Evocations


You had 13 spell levels left.
You didn't know any spells.
Your spell library contained the following spells:

 Spells                   Type           Power      Damage    Failure   Level
 Apportation              Tloc           0%         N/A       36%         1
 Magic Dart               Conj           0%         1d3       36%         1
 Sting                    Tmut/Pois      0%         1d3       36%         1
 Poisonous Vapours        Pois/Air       0%         N/A       50%         2
 Searing Ray              Conj           0%         3d3       50%         2
 Dazzling Flash           Conj/Hex       0%         N/A       73%         3
 Ignite Poison            Fire/Tmut/Pois 0%         N/A       73%         3
 Lesser Beckoning         Tloc           0%         N/A       73%         3
 Mephitic Cloud           Conj/Pois/Air  0%         N/A       73%         3
 Tukima's Dance           Hex            0%         N/A       73%         3
 Cause Fear               Hex            0%         N/A       98%         4
 Fulminant Prism          Conj/Hex       0%         3d6       98%         4
 Iskenderun's Mystic Bla  Conj/Tloc      0%         2d3       98%         4
 Olgreb's Toxic Radiance  Pois           0%         N/A       98%         4
 Alistair's Intoxication  Tmut/Pois      0%         N/A       100%        5
 Silence                  Hex/Air        0%         N/A       100%        5
 Yara's Violent Unravell  Hex/Tmut       0%         3d3       100%        5
 Invisibility             Hex            0%         N/A       100%        6
 Discord                  Hex            0%         N/A       100%        8


Dungeon Overview and Level Annotations

Branches:
Dungeon (9/15)             Temple (0/1) D:7            Lair (6/6) D:8
 Shoals (0/4) Lair:4       Spider (0/4) Lair:2        Slime (0/5) Lair:6
    Orc (2/2) D:9             Elf (0/3) Orc:2

Altars:
Cheibriados
Fedhas
Hepliaklqana
Okawaru
Ru
Sif Muna
Uskayaw
Wu Jian
The Shining One

Shops:
Orc:2 =*::

Annotations:
D:3 3 runed translucent doors, Life0's ghost, amateur HuFi
D:6 exclusion: oklob plant
Lair:1 exclusion: downstairs
Lair:2 exclusion: downstairs
Lair:4 exclusion: oklob plant
Orc:1 Sonja


Innate Abilities, Weirdness & Mutations

You can walk on water.
You are partially covered in icy blue scales. (AC +2)
You expend magic power (3 MP) to strengthen your wands.
[You are sometimes teleported next to monsters.]


Message History

Press: ? - help, Shift-Dir - straight line, f - flying skull, p - flying skull
Aim: a flying skull (0% to evade)
Okay, then.
Aiming: Smiting
Press: ? - help, Dir - move target, f - wretched star, p - flying skull Smite: a wretched star (moderately damaged)
You smite the wretched star!
The wretched star is severely damaged.
The flying skull closely misses you. The flying skull hits you.
* * * LOW HITPOINT WARNING * * *
The flying skull completely misses you.
Aiming: Smiting
Press: ? - help, Dir - move target, f/p - wretched star Smite: a wretched star (severely damaged)
You smite the wretched star!
You destroy the wretched star!
Beogh accepts your kill. The flying skull barely misses you.
Aiming: Smiting
Press: ? - help, Dir - move target, f - flying skull Smite: a flying skull (almost destroyed)
You smite the flying skull!
You destroy the flying skull!
Beogh accepts your kill. The starcursed mass engulfs you.
* * * LOW HITPOINT WARNING * * *
The flying skull barely misses you. The bone dragon bites you!
* * * LOW HITPOINT WARNING * * *
The bone dragon claws you but does no damage.
The bone dragon tramples you but does no damage.
Okay, then.
Okay, then.
Okay, then.
You are too injured to fight recklessly!
Okay, then.
It was a potion of mutation.
You feel extremely strange.
You feel your magical essence link to the dungeon's wands.
Icy blue scales grow over part of your body.
The flying skull barely misses you. The starcursed mass engulfs you!
You die...

. .##. .#..
.... #z
#.#### ... #
.. ####.##
####
...#...##...
.# # #.
#......z.#
..#
####z.###..#
#..uD#zz#ยง.
.# #@##*X##
. #X# #X#. #
#.##X # X.
#. .
##.##### ..
# ##.. # .
#.# .# ..


You could see a bone dragon, 2 starcursed masses, a cyan ugly thing and 3 flying
skulls.

Vanquished Creatures
  The ghost of diceflayer the Carver, a journeyman FoFi of Okawaru (Lair:1)
  6 hydras
  Harold (Lair:2)
  2 catoblepae
  A two-headed ogre (D:9)
  A death yak (Lair:1)
  Urug (Lair:6)
  2 sun demons (Abyss:1)
  A wretched star (Abyss:1)
  Pikel (D:7)
  2 orc knights (Orc:2)
  A cyclops (Orc:1)
  5 black mambas
  17 elephants
  Joseph (D:7)
  A molten gargoyle (Lair:2)
  2 torpor snails
  9 cane toads
  A rime drake (Lair:4)
  Maggie (Lair:2)
  14 komodo dragons
  An ancient zyme (Abyss:1)
  4 polar bears (Lair:6)
  Grinder (D:6)
  8 blink frogs
  A slime creature (Lair:6)
  A wind drake (shapeshifter) (Abyss:1)
  5 hornets
  7 dream sheep
  14 spriggans
  Sigmund (D:6)
  A flying skull (Abyss:1)
  A vampire (Abyss:1)
  2 large abominations (Abyss:1)
  A chaos spawn (Abyss:1)
  10 wyverns
  49 yaks
  A basilisk (Lair:1)
  Eustachio (D:4)
  4 vampire mosquitoes (D:9)
  A neqoxec (Abyss:1)
  A warg (Orc:2)
  A steam dragon (D:8)
  13 water moccasins
  3 hell hounds (Abyss:1)
  Duvessa (D:5)
  6 orc warriors
  2 ice beasts
  5 black bears
  2 necrophages
  3 boggarts (Lair:6)
  4 ogres
  61 wolves
  7 centaurs
  4 lemures (D:7)
  A phantom (D:9)
  Blork the orc (D:6)
  12 bullfrogs
  A small abomination (Abyss:1)
  Dowan (D:5)
  5 killer bees (D:9)
  2 electric eels (Lair:5)
  2 howler monkeys (D:9)
  A lava snake (Lair:2)
  4 jellies
  2 bullfrog skeletons
  6 hounds
  A centaur skeleton (D:6)
  4 orc priests
  A gnoll shaman (D:7)
  5 orc wizards
  3 iguanas
  6 worker ants
  A hound zombie (D:6)
  A howler monkey zombie (D:3)
  9 adders
  9 gnolls
  4 white imps
  3 ufetubi
  5 oozes
  An adder skeleton (D:7)
  An adder zombie (D:5)
  5 worms
  5 dart slugs
  3 leopard geckos
  27 orcs
  2 ball pythons
  7 giant cockroaches
  8 goblins
  7 hobgoblins
  20 jackals
  4 quokkas
  10 bats
  7 frilled lizards
  5 kobolds
  A leopard gecko skeleton (D:4)
  A quokka zombie (D:5)
  4 rats
506 creatures vanquished.

Vanquished Creatures (collateral kills)
  An orc knight (Orc:2)
  A hornet (Lair:6)
  A yak (Lair:6)
  A water moccasin (Lair:6)
  8 orc warriors (Orc:2)
  An ogre (Orc:1)
  3 centaurs (Orc:2)
  A killer bee (D:9)
  An orc priest (Orc:2)
  5 orcs
23 creatures vanquished.

Vanquished Creatures (others)
  An orc knight (Orc:2)
  7 orc warriors (Orc:2)
  3 orc priests
  3 orc wizards (Orc:2)
  18 orcs
  A quokka zombie (D:5)
  A bush (Lair:6)
  A fire vortex (Lair:2)
  63 fungi
  73 plants
  14 toadstools (D:6)
185 creatures vanquished.

Grand Total: 714 creatures vanquished

Notes
Turn   | Place    | Note
-------+----------+-------------------------------------------
     0 | D:1      | CypherZel the Hill Orc Monk began the quest for the Orb.
     0 | D:1      | Reached XP level 1. HP: 19/19 MP: 1/1
   280 | D:1      | Reached XP level 2. HP: 16/27 MP: 2/2
   930 | D:1      | Reached skill level 1 in Maces & Flails
  1064 | D:1      | Reached XP level 3. HP: 33/33 MP: 3/3
  2421 | D:2      | You fall into a shaft and drop 2 floors!
  2479 | D:4      | Found a glowing golden altar of the Shining One.
  2521 | D:4      | Noticed Eustachio
  2559 | D:4      | Reached XP level 4. HP: 39/41 MP: 4/4
  3040 | D:4      | Got a dull robe
  3567 | D:3      | Found an ornate altar of the Wu Jian Council.
  3655 | D:1      | Identified the +4 robe of Cocytus {Slay+2} (You found it on
                  | level 4 of the Dungeon)
  3706 | D:2      | Found a snail-covered altar of Cheibriados.
  4202 | D:3      | Reached skill level 5 in Fighting
  4346 | D:3      | Found a runed translucent gate.
  4346 | D:3      | Found a runed translucent gate.
  4346 | D:3      | Found a runed translucent gate.
  4347 | D:3      | Noticed Life0's ghost (amateur HuFi)
  4413 | D:3      | Reached XP level 5. HP: 48/48 MP: 5/5
  5336 | D:4      | Got a ripped robe
  5347 | D:4      | Identified the +1 robe of Ennui {rPois Dex+6 Stlth+} (You
                  | found it on level 4 of the Dungeon)
  6030 | D:5      | Entered Level 5 of the Dungeon
  6122 | D:5      | Reached XP level 6. HP: 51/57 MP: 6/6
  6257 | D:5      | Found a hide-covered altar of Uskayaw.
  6324 | D:5      | Noticed a necrophage
  6439 | D:5      | Upgraded the game from 0.26-a0-1040-gbe3abf3417 to
                  | 0.27-a0-590-g94244163b4
  6556 | D:5      | Became a worshipper of Beogh the Brigand
  6556 | D:5      | Reached * piety under Beogh
  6556 | D:5      | Reached ** piety under Beogh
  6620 | D:5      | Noticed Dowan
  6627 | D:5      | Noticed Duvessa
  7025 | D:4      | Found a sacrificial altar of Ru.
  7038 | D:4      | Reached skill level 5 in Axes
  7069 | D:4      | Reached skill level 1 in Invocations
  7146 | D:4      | Reached XP level 7. HP: 64/64 MP: 8/8
  7196 | D:4      | Killed Eustachio
  7197 | D:4      | Reached skill level 6 in Axes
  7264 | D:4      | Reached skill level 7 in Axes
  7954 | D:5      | Killed Dowan
  8084 | D:5      | Reached skill level 8 in Axes
  8183 | D:5      | Reached XP level 8. HP: 48/71 MP: 11/11
  8363 | D:5      | Killed Duvessa
  8364 | D:5      | Reached skill level 9 in Axes
  8364 | D:5      | Reached skill level 5 in Invocations
  9057 | D:6      | Reached skill level 10 in Axes
  9078 | D:5      | Reached skill level 1 in Armour
  9496 | D:6      | Noticed Sigmund
  9719 | D:6      | Found an iron altar of Okawaru.
  9758 | D:6      | Noticed Grinder
  9770 | D:6      | Killed Grinder
  9771 | D:6      | Reached skill level 11 in Axes
 10089 | D:6      | Noticed Blork the orc
 10114 | D:6      | Killed Blork the orc
 10115 | D:6      | Reached XP level 9. HP: 77/80 MP: 13/13
 10174 | D:6      | Killed Sigmund
 10175 | D:6      | Reached skill level 12 in Axes
 10319 | D:6      | Found a blossoming altar of Fedhas.
 10344 | D:6      | Noticed an oklob plant
 10641 | D:7      | Noticed Joseph
 10666 | D:7      | Killed Joseph
 10667 | D:7      | Reached skill level 14 in Axes
 10887 | D:7      | Noticed Pikel
 10898 | D:7      | Reached skill level 1 in Shields
 10906 | D:7      | Killed Pikel
 10959 | D:7      | Found a hazy altar of Hepliaklqana.
 11346 | D:7      | Reached skill level 5 in Shields
 11614 | D:7      | Found a staircase to the Ecumenical Temple.
 11625 | D:7      | Reached *** piety under Beogh
 11967 | D:8      | Reached XP level 10. HP: 79/88 MP: 14/14
 12262 | D:8      | Identified the +0 robe "Hisus" {Will++}
 12920 | D:8      | Reached skill level 15 in Axes
 12944 | D:8      | Found a staircase to the Lair.
 13989 | Lair:1   | Entered Level 1 of the Lair of Beasts
 14082 | Lair:1   | Noticed a seven-headed hydra
 14139 | Lair:1   | Killed a seven-headed hydra
 14647 | Lair:1   | Reached skill level 5 in Armour
 14796 | Lair:1   | Found a runed translucent door.
 14797 | Lair:1   | Noticed diceflayer's ghost (journeyman FoFi)
 14836 | Lair:1   | Killed diceflayer's ghost
 14837 | Lair:1   | Reached skill level 10 in Fighting
 14837 | Lair:1   | Reached XP level 11. HP: 48/99 MP: 17/17
 15132 | Lair:1   | Identified the +3 leather armour "Kutakyaq" {Rampage rPois
                  | Int+3 Dex-3}
 15575 | Lair:2   | Noticed Maggie
 15575 | Lair:2   | Noticed a seven-headed hydra
 15888 | Lair:2   | Noticed Harold
 15920 | Lair:2   | Noticed a seven-headed hydra
 16368 | Lair:1   | Killed a ten-headed hydra
 16576 | Lair:2   | Noticed a death yak
 17628 | Lair:2   | Found a hole to the Spider Nest.
 17759 | Lair:2   | Reached skill level 10 in Invocations
 17965 | Lair:2   | Killed Harold
 18077 | Lair:2   | Identified the +3 war axe of Annihilation {vorpal, rC+
                  | Int+6}
 18093 | Lair:2   | Killed Maggie
 18264 | Lair:1   | Killed a death yak
 18265 | Lair:1   | Reached XP level 12. HP: 58/110 MP: 19/19
 18487 | Lair:2   | Reached skill level 16 in Axes
 18487 | Lair:2   | Reached skill level 5 in Dodging
 18982 | Lair:2   | Reached skill level 17 in Axes
 19203 | Lair:2   | Killed a seven-headed hydra
 19700 | Lair:3   | Noticed a catoblepas
 20262 | Lair:2   | Killed a catoblepas
 22276 | Lair:4   | Identified the +9 arbalest of Crawling {vorpal, Str+5}
 22403 | Lair:4   | Reached skill level 1 in Crossbows
 22531 | Lair:4   | Reached **** piety under Beogh
 22853 | Lair:4   | Found a shimmering blue altar of Sif Muna.
 22862 | Lair:4   | Reached XP level 13. HP: 118/118 MP: 22/22
 22874 | Lair:4   | Found a staircase to the Shoals.
 23630 | Lair:4   | Reached skill level 5 in Crossbows
 25997 | Lair:6   | Entered Level 6 of the Lair of Beasts
 27184 | Lair:6   | Reached skill level 10 in Crossbows
 27486 | Lair:6   | Reached XP level 14. HP: 74/126 MP: 23/23
 28264 | Lair:6   | Found a staircase to the Slime Pits.
 28275 | Lair:6   | Noticed Urug
 28291 | Lair:6   | Killed Urug
 28510 | Lair:6   | Reached ***** piety under Beogh
 29344 | Lair:6   | Paralysed by a hornet for 3 turns
 29715 | Lair:6   | Gained Okrist as an ally
 30296 | Lair:6   | Reached skill level 1 in Evocations
 31642 | D:9      | Found a staircase to the Orcish Mines.
 31664 | Orc:1    | Entered Level 1 of the Orcish Mines
 31667 | Orc:1    | Reached skill level 10 in Armour
 31700 | Orc:2    | Entered Level 2 of the Orcish Mines
 31785 | Orc:2    | Reached ****** piety under Beogh
 31789 | Orc:2    | Found Rulius's Book Shoppe.
 31789 | Orc:2    | Found Joyrral's Assorted Antiques.
 31799 | Orc:2    | Found Denn's Jewellery Boutique.
 31801 | Orc:2    | Found Yzureah's Book Emporium.
 31995 | Orc:2    | Bought a scroll labelled RED JYTIXUE for 24 gold pieces
 32064 | Orc:1    | Identified a scroll of acquirement
 32064 | Orc:1    | Acquired 1133 gold pieces
 32685 | Orc:2    | Found a staircase to the Elven Halls.
 33032 | Orc:1    | Noticed Sonja
 33039 | Orc:1    | Cast into level 1 of the Abyss (Sonja)
 33049 | Abyss:1  | Identified the +0 helmet of Midwinter {rElec rPois Will+++
                  | Str-2}
 33259 | Abyss:1  | Noticed a tentacled starspawn
 33715 | Abyss:1  | Noticed a white very ugly thing
 33729 | Abyss:1  | Noticed a bone dragon
 33778 | Abyss:1  | Noticed a starcursed mass
 33794 | Abyss:1  | Gained mutation: You expend magic power (3 MP) to
                  | strengthen your wands. [potion of mutation]
 33794 | Abyss:1  | Gained mutation: You are partially covered in icy blue
                  | scales. (AC +2) [potion of mutation]
 33794 | Abyss:1  | Slain by a starcursed mass

Illustrated notes

Levels and vault maps discovered:
D:1:      lemuel_arrival_river_ford, layout_loops_ring
D:2:      layout_basic, nicolae_overflow_crystal_walls
D:3:      cheibrodos_helix_gallery, layout_basic, marbit_many_paths,
          gammafunk_ghost_split
D:4:      layout_cave_pods, tso_metal_star, overflow_temple_1_default,
          uniq_eustachio
D:5:      layout_loops_ring, eat_drink_and_be_merry_uskayaw, minmay_manual_maat,
          uniq_duvessa
D:6:      layout_rooms, tgw_fedhas, okawaru_altar_gauntlet_db, minivault_5,
          serial_park_tiny_2, uniq_sigmund, uniq_blork_the_orc, uniq_grinder
D:7:      layout_basic, nicolae_hepliaklqana_hazy_memory,
          minmay_temple_entry_sparse_star, uniq_pikel, uniq_joseph
D:8:      layout_layer_cave, erik_lair_dragon
D:9:      layout_roguey, grunt_temple_overflow_champion_of_chaos,
          lemuel_coloured_pillars_altar, hiddenorc2_lemuel, wad_mini_maze,
          uniq_psyche
Lair:1:   layout_long_grid, ebering_ghost_reflecting_pool
Lair:2:   nzn_winding_woodlands_cross [nzn_winding_woodlands_5x15_concentric,
          nzn_winding_woodlands_5x15_cabin, nzn_winding_woodlands_5x15_pool,
          nzn_winding_woodlands_5x15_split_checker,
          nzn_winding_woodlands_15x15_eel_pit], layout_gridlike,
          spider_nest_entry_a, beast_lair_carwin_8, uniq_maggie, uniq_harold
Lair:3:   layout_misc_corridors, grunt_forest_large_clearings,
          serial_bayou_shore_b, infiniplex_staircase_pool
Lair:4:   layout_cave_pods, elwin_shoals_entry_rocks, basic_altar,
          hangedman_lair_unloving_vines, minmay_lair_oklob_chamber
Lair:5:   layout_gridlike, beast_lair_carwin_3, serial_bayou_shore_a
Lair:6:   minmay_lair_end_enchanted_forest, layout_layer_cave,
          minmay_slime_entry_pillars, uniq_urug
Orc:1:    nicolae_orc_accident_3, layout_diamond_mine, uniq_sonja
Orc:2:    st_orc_rangers, layout_diamond_mine, enter_volcano_2
Abyss:1:  base: D:6, hangedman_abyss_or_decor_clamps

Skill      XL: |  1  2  3  4  5  6  7  8  9 10 11 12 13 14 |
---------------+-------------------------------------------+-----
Fighting       | 4 5 6 7 8 10 11 12 13 | 13.1
Maces & Flails | 1 2 3 4 |  4.5
Axes           | 5 8 11 14 15 17 | 17.0
Invocations    | 1 4 6 9 10 12 | 12.0
Armour         | 3 4 5 7 10 | 10.0
Shields        | 5 6 7 8 |  8.2
Dodging        | 3 4 5 7 |  7.0
Stealth        | 2 |  2.0
Crossbows      | 3 10 11 | 11.4
Evocations     | 2 |  2.0

Action                   |  1- 3 |  4- 6 |  7- 9 | 10-12 | 13-15 || total
-------------------------+-------+-------+-------+-------+-------++-------
Melee: Hand axe          |   116 |   233 |   201 |   296 |       ||   846
       War axe           |       |       |       |   264 |   591 ||   855
 Fire: Arbalest          |       |       |       |     7 |   140 ||   147
Throw: Stone             |     8 |       |       |       |       ||     8
       Dart              |    14 |    94 |    75 |    46 |       ||   229
Invok: Convert to Beogh  |       |     1 |       |       |       ||     1
       Smiting           |       |       |     3 |    14 |    17 ||    34
       Recall Orcish Fol |       |       |       |       |     3 ||     3
       Give Item to Name |       |       |       |       |     1 ||     1
Evoke: Wand              |       |     2 |    15 |    11 |     1 ||    29
  Use: Scroll            |       |    11 |     8 |    11 |    11 ||    41
       Potion            |       |       |     1 |     3 |     6 ||    10
 Stab: Sleeping          |     1 |     2 |       |       |       ||     3
       Distracted        |       |       |       |     1 |     2 ||     3
Armor: Robe              |    16 |    83 |    38 |       |       ||   137
       Chain mail        |       |       |    22 |    85 |       ||   107
       Swamp dragon scal |       |       |       |    49 |   329 ||   378
       Skin              |       |       |       |       |     5 ||     5
Dodge: Dodged            |    74 |   171 |    70 |   181 |   427 ||   923
Block: Buckler           |       |       |    14 |   142 |       ||   156

Table legend: (Time is in decaauts)
 A = Elapsed time spent in this place.
 B = Non-inter-level travel time spent in this place.
 C = Inter-level travel time spent in this place.
 D = Time resting spent in this place.
 E = Time spent auto-exploring this place.
 F = Levels seen in this place.
 G = Mean time per level.
                   A        B        C        D        E       F      G
               +--------+--------+--------+--------+--------+-----+--------+
         Total |  33503 |  31190 |   2313 |  11410 |  10873 |  18 | 1861.3 |
       Dungeon |  14952 |  13827 |   1125 |   3815 |   5422 |   9 | 1661.3 |
          Lair |  16435 |  15392 |   1043 |   6862 |   4808 |   6 | 2739.2 |
  Orcish Mines |   1373 |   1228 |    145 |    352 |    643 |   2 |  686.5 |
         Abyss |    741 |    741 |      0 |    381 |      0 |   1 |  741.0 |
               +--------+--------+--------+--------+--------+-----+--------+

Top non-repeatable levels by time:
  Lair:1: 3430 daAuts
  Lair:5: 3297 daAuts
  Lair:2: 2925 daAuts
  Lair:6: 2861 daAuts
     D:4: 2808 daAuts
  Lair:4: 2576 daAuts
     D:8: 2172 daAuts
     D:5: 2027 daAuts
     D:1: 1807 daAuts
     D:6: 1430 daAuts
  Lair:3: 1344 daAuts
     D:3: 1315 daAuts
     D:7: 1279 daAuts
     D:2: 1247 daAuts
   Orc:2: 1101 daAuts
